 Dungeon Crawl Stone Soup version 0.29-a0-791-ga0f254aafb (webtiles) character file.

Game seed: 15987928982650902326

9178 Morbidden the Grappler (level 11, -1/88 (101) HPs)
             Began as a Troll Hunter on July 3, 2022.
             Was a High Priest of Cheibriados.
             Slain by Josephine
             ... wielding a +0 dagger
              (7 damage)
             ... on level 10 of the Dungeon.
             The game lasted 00:12:20 (9108 turns).

Morbidden the Grappler (Troll Hunter)               Turns: 9108, Time: 00:12:20

HP:   -1/88 (101)   AC:  5    Str: 42    XL:     11   Next: 19%
MP:   13/13         EV: 15    Int: 16    God:    Cheibriados [*****.]
Gold: 676           SH:  0    Dex: 28    Spells: 12/12 levels left

rFire   . . .      SeeInvis +     - Unarmed
rCold   . . .      Faith    .   (no shield)
rNeg    . . .      Spirit   .   B - +0 robe "Upikiyha" {Will+ Str+4}
rPois   .          Reflect  .   (helmet restricted)
rElec   .          Harm     .   M - +0 cloak
rCorr   .          Rampage  .   (gloves unavailable)
Will    +....                   (boots unavailable)
Stlth   +++.......              x - amulet of regeneration
HPRegen 1.84/turn               e - ring of see invisible
MPRegen 0.13/turn               H - +6 ring of strength

@: slowed, heavily drained, very slow
A: large, unfitting armour, claws 3, regeneration 1, shaggy fur 1, tough skin 1
a: Renounce Religion, Bend Time, Temporal Distortion, Slouch, Step From Time


You were on level 10 of the Dungeon.
You worshipped Cheibriados.
Cheibriados was extremely pleased with you.
You visited 2 branches of the dungeon, and saw 11 of its levels.

You collected 676 gold pieces.

Inventory:

Hand Weapons
 a - a +0 shortbow
 f - a +0 war axe
Missiles
 o - 41 poisoned darts (quivered)
 y - 9 boomerangs
 O - a curare-tipped dart
Armour
 B - the +0 robe "Upikiyha" (worn) {Will+ Str+4}
   (You found it on level 5 of the Dungeon)

   Str:       It affects your strength (+4).
   Will:      It increases your willpower.
 M - a +0 cloak (worn)
 Q - +0 steam dragon scales
Jewellery
 e - a ring of see invisible (left claw)
 w - a ring of positive energy
 x - an amulet of regeneration (around neck)
 F - a ring of wizardry
 H - a +6 ring of strength (right claw)
 N - a ring of resist corrosion
Wands
 q - a wand of quicksilver (11)
 t - a wand of digging (4)
 v - a wand of polymorph (16)
Scrolls
 b - a scroll of immolation
 c - a scroll of noise {unknown}
 d - 4 scrolls of teleportation
 g - 3 scrolls of magic mapping {unknown}
 h - 4 scrolls of fear {unknown}
 k - 7 scrolls of identify {unknown}
 l - 2 scrolls of vulnerability {unknown}
 n - 2 scrolls of acquirement {unknown}
 r - 2 scrolls of summoning {unknown}
 s - 2 scrolls of enchant weapon {unknown}
 u - 2 scrolls of amnesia {unknown}
 G - a scroll of brand weapon {unknown}
 I - a scroll of silence {unknown}
 J - a scroll of poison {unknown}
 L - a scroll of enchant armour {unknown}
 P - 3 scrolls of blinking {unknown}
Potions
 i - 2 potions of degeneration {unknown}
 j - 4 potions of curing
 m - a potion of flight {unknown}
 p - a potion of attraction {unknown}
 z - 2 potions of ambrosia {unknown}
 A - 2 potions of heal wounds {unknown}
 C - 2 potions of mutation {unknown}
 D - 3 potions of lignification {unknown}
 E - a potion of might
 K - a potion of cancellation {unknown}


   Skills:
 * Level 4.9 Fighting
 * Level 6.2 Ranged Weapons
 + Level 2.3 Throwing
 * Level 5.9 Dodging
 + Level 1.5 Stealth
 * Level 9.6 Unarmed Combat
 + Level 1.2 Spellcasting
 * Level 4.2 Invocations
 * Level 3.8 Evocations


You had 12 spell levels left.
You didn't know any spells.
Your spell library contained the following spells:

 Spells                   Type           Power      Damage    Failure   Level
 Slow                     Hex            4%         N/A       22%         1
 Sublimation of Blood     Necr           1%         N/A       34%         2
 Confusing Touch          Hex            1%         N/A       56%         3
 Gell's Gravitas          Tloc           1%         N/A       56%         3
 Ozocubu's Armour         Ice            1%         N/A       56%         3
 Portal Projectile        Hex/Tloc       2%         N/A       56%         3
 Teleport Other           Tloc           1%         N/A       56%         3
 Tukima's Dance           Hex            1%         N/A       56%         3
 Vampiric Draining        Necr           1%         2d6       56%         3
 Anguish                  Hex/Necr       0%         N/A       92%         4
 Cause Fear               Hex            0%         N/A       92%         4
 Corpse Rot               Necr/Pois/Air  1%         N/A       92%         4
 Dispel Undead            Necr           1%         3d6       92%         4
 Petrify                  Tmut/Erth      1%         N/A       92%         4
 Blade Hands              Tmut           0%         N/A       99%         5
 Irradiate                Conj/Tmut      0%         3d13      99%         5
 Yara's Violent Unravell  Hex/Tmut       0%         3d3       99%         5
 Death Channel            Necr           0%         N/A       100%        6
 Dispersal                Tloc           0%         N/A       100%        6
 Enfeeble                 Hex            0%         N/A       100%        7
 Ozocubu's Refrigeration  Ice            0%         4d5       100%        7


Dungeon Overview and Level Annotations

Branches:
Dungeon (10/15)            Temple (1/1) D:5             Orc (0/2) D:9
   Lair: D:8-11

Altars:
Ashenzari
Cheibriados
Dithmenos
Elyvilon
Fedhas
Gozag
Hepliaklqana
Kikubaaqudgha
Makhleb
Nemelex Xobeh
Okawaru
Qazlal
Ru
Sif Muna
Trog
Uskayaw
Vehumet
Wu Jian
Xom
Yredelemnul
Zin
The Shining One

Shops:
D:2 !

Annotations:
D:5 3 runed translucent doors, Heedrag's ghost, novice MiFi; mn3067's ghost, amateur SpHu; mn3067's ghost, novice GrEE; raistware's ghost, novice MiFi; triguntf's ghost, novice HOBe
D:6 3 runed translucent doors, Zero's ghost, amateur MeEE
D:10 Josephine


Innate Abilities, Weirdness & Mutations

You are too large for most types of armour.
You have claws for hands.
Your natural rate of healing is unusually fast.
You are covered in fur. (AC +1)
You have tough skin. (AC +1)


Message History

You feel as though you will be slow longer.
Josephine gestures at you while chanting.
The ghostly flame explodes!
The ghostly fireball engulfs you!!!
You feel drained.
The ghostly fireball engulfs Josephine.
Josephine completely resists.
The ghostly fireball engulfs the wraith.
The wraith completely resists.
Unknown command.
You scratch Josephine.
Josephine is lightly wounded.
The wraith barely misses you. Josephine closely misses you.
The wraith completely misses you. The wraith hits you.
The wraith completely misses you. Josephine completely misses you.
Unknown command.
Unknown command.
You closely miss Josephine.
Josephine is lightly wounded.
The wraith hits you. The wraith drains your vigour!
You feel as though you will be slow longer.
Josephine hits you with a +0 dagger. The wraith hits you.
The wraith drains your vigour!
You feel as though you will be slow longer.
Unknown command.
You barely miss Josephine.
Josephine is lightly wounded.
The wraith closely misses you.
Josephine points at you and mumbles some strange words.
The ghostly flame explodes!
The ghostly fireball engulfs you!!
You feel drained.
* * * LOW HITPOINT WARNING * * *
The ghostly fireball engulfs Josephine.
Josephine completely resists.
The ghostly fireball engulfs the wraith.
The wraith completely resists.
The ghostly fireball engulfs the wraith.
The wraith completely resists.
The wraith hits you.
* * * LOW HITPOINT WARNING * * *
The wraith drains your vigour!
You feel as though you will be slow longer.
Josephine attacks as you move away! Josephine hits you with a +0 dagger!
You die...

#.......?..
#....}/....#
+..........#
#..$>......#
#........!.#
#..........+
#!@WW......#
#..@.>.....#
####'######
#....# ####.#
#######'###
######
#.........#
###### .....#
#.........# #..
#. .....#
#.........# #.#
#. .....######
+.........#####.#
#.


You could see Josephine and 2 wraiths.

Vanquished Creatures
  A two-headed ogre (D:10)
  Maurice (D:8)
  Joseph (D:8)
  Maggie (D:9)
  A wraith (D:10)
  2 wyverns
  3 steam dragons
  15 yaks
  A warg (D:9)
  A naga (D:8)
  An acid dragon (D:9)
  A water moccasin (D:6)
  3 orc warriors
  4 sky beasts
  2 black bears
  3 ice beasts (D:6)
  2 ogres (D:6)
  4 centaurs
  4 phantoms
  Blork the orc (D:6)
  2 kobold brigands (D:9)
  3 bullfrogs (D:7)
  A gnoll sergeant (D:7)
  3 scorpions
  4 killer bees (D:8)
  4 howler monkeys
  12 orc priests
  2 jellies
  A bouda (D:6)
  A hound (D:7)
  Ijyb (D:3)
  Terence (D:2)
  Jessica (D:3)
  2 iguanas
  Natasha (thrice) (D:3)
  15 orc wizards
  3 gnolls (D:7)
  13 adders
  2 shadow imps
  A white imp (D:7)
  2 worms
  38 orcs
  8 endoplasms
  4 giant cockroaches
  3 goblins (D:2)
  9 hobgoblins
  A jackal (D:2)
  2 quokkas
  6 ball pythons
  5 bats
  A frilled lizard (D:2)
  13 kobolds
  3 rats
222 creatures vanquished.

Notes
Turn   | Place    | Note
-------+----------+-------------------------------------------
     0 | D:1      | Morbidden the Troll Hunter began the quest for the Orb.
     0 | D:1      | Reached XP level 1. HP: 19/19 MP: 0/0
   215 | D:1      | Reached XP level 2. HP: 27/27 MP: 1/1
   803 | D:2      | Reached XP level 3. HP: 33/33 MP: 2/2
   876 | D:2      | Reached XP level 4. HP: 42/42 MP: 3/3
  1053 | D:2      | Noticed Terence
  1078 | D:2      | Killed Terence
  1138 | D:2      | Found Woypnee's Distillery.
  1250 | D:2      | Reached XP level 5. HP: 8/49 MP: 5/5
  1259 | D:2      | Reached skill level 1 in Unarmed Combat
  1593 | D:3      | Noticed Ijyb
  1600 | D:3      | Killed Ijyb
  1601 | D:3      | Reached skill level 2 in Unarmed Combat
  1671 | D:3      | Found a basalt altar of Yredelemnul.
  1753 | D:3      | Noticed Natasha
  1756 | D:3      | Killed Natasha
  1757 | D:3      | Reached skill level 1 in Spellcasting
  1757 | D:3      | Reached XP level 6. HP: 58/58 MP: 6/6
  1771 | D:3      | Noticed Jessica
  1784 | D:3      | Killed Jessica
  1878 | D:3      | Found a sacrificial altar of Ru.
  1939 | D:3      | Noticed Natasha
  1959 | D:3      | Killed Natasha
  2066 | D:3      | Noticed Natasha
  2114 | D:3      | Killed Natasha
  3081 | D:4      | Reached skill level 3 in Unarmed Combat
  3401 | D:5      | Entered Level 5 of the Dungeon
  3417 | D:5      | Reached XP level 7. HP: 43/66 MP: 7/7
  3503 | D:5      | Found a runed translucent gate.
  3503 | D:5      | Found a runed translucent gate.
  3503 | D:5      | Found a runed translucent gate.
  3505 | D:5      | Noticed triguntf's ghost (novice HOBe)
  3553 | D:5      | Reached skill level 1 in Evocations
  3588 | D:5      | Found a glowing golden altar of the Shining One.
  3657 | D:5      | Found a broken altar of Ashenzari.
  3810 | D:5      | Noticed mn3067's ghost (novice GrEE)
  3810 | D:5      | Noticed mn3067's ghost (amateur SpHu)
  3812 | D:5      | Noticed raistware's ghost (novice MiFi)
  3812 | D:5      | Noticed Heedrag's ghost (novice MiFi)
  3823 | D:5      | Found a staircase to the Ecumenical Temple.
  3839 | D:5      | Identified the +0 robe "Upikiyha" {Will+ Str+4}
  3857 | Temple   | Entered the Ecumenical Temple
  3874 | Temple   | Became a worshipper of Cheibriados the Contemplative
  4150 | D:5      | Found an ornate altar of the Wu Jian Council.
  4150 | D:5      | Found a sparkling altar of Nemelex Xobeh.
  4606 | D:5      | Saw a vision of the Shoals and the Spider Nest.
  4606 | D:5      | Noticed a redback
  4606 | D:5      | Noticed a merfolk siren
  4606 | D:5      | Noticed a sea snake
  4606 | D:5      | Noticed a wind drake
  4606 | D:5      | Noticed a merfolk siren
  4607 | D:5      | Noticed a redback
  4656 | D:6      | Reached XP level 8. HP: 68/75 MP: 8/8
  4736 | D:6      | Reached skill level 1 in Invocations
  4898 | D:6      | Reached skill level 5 in Ranged Weapons
  4898 | D:6      | Reached skill level 4 in Unarmed Combat
  4942 | D:6      | Found a bloodstained altar of Trog.
  5140 | D:6      | Noticed Blork the orc
  5147 | D:6      | Killed Blork the orc
  5148 | D:6      | Reached skill level 1 in Stealth
  5182 | D:6      | Reached skill level 5 in Unarmed Combat
  5183 | D:6      | Reached XP level 9. HP: 39/84 MP: 9/9
  5247 | D:6      | Reached * piety under Cheibriados
  5319 | D:6      | Found a runed translucent gate.
  5319 | D:6      | Found a runed translucent gate.
  5320 | D:6      | Found a runed translucent gate.
  5332 | D:6      | Noticed Zero's ghost (amateur MeEE)
  5572 | D:6      | Reached skill level 1 in Throwing
  6015 | D:7      | Reached skill level 6 in Unarmed Combat
  6373 | D:7      | Reached ** piety under Cheibriados
  6729 | D:8      | Noticed Psyche
  6841 | D:8      | Noticed Maurice
  6858 | D:8      | Paralysed by Maurice for 5 turns
  6875 | D:8      | Killed Maurice
  6876 | D:8      | Reached skill level 7 in Unarmed Combat
  6876 | D:8      | Reached XP level 10. HP: 34/94 MP: 11/11
  6966 | D:8      | Noticed Joseph
  6990 | D:8      | Killed Joseph
  7192 | D:8      | Reached *** piety under Cheibriados
  7193 | D:8      | Reached skill level 5 in Dodging
  7341 | D:8      | Noticed Psyche
  7341 | D:8      | Psyche changed into Psyche the naga
  7347 | D:8      | Killed Psyche the naga
  7789 | D:9      | Reached skill level 8 in Unarmed Combat
  7907 | D:9      | Found a staircase to the Orcish Mines.
  7923 | D:9      | Reached **** piety under Cheibriados
  8308 | D:9      | Reached skill level 9 in Unarmed Combat
  8464 | D:9      | Got the Tome of Execration
  8499 | D:9      | Noticed Maggie
  8510 | D:9      | Killed Maggie
  8844 | D:10     | Entered Level 10 of the Dungeon
  8875 | D:10     | Noticed a two-headed ogre
  8884 | D:10     | Killed a two-headed ogre
  8885 | D:10     | Reached XP level 11. HP: 91/101 MP: 13/13
  8954 | D:10     | Reached ***** piety under Cheibriados
  9099 | D:10     | Noticed Josephine
  9108 | D:10     | Slain by Josephine

Illustrated notes

Levels and vault maps discovered:
D:1:      beargit_arrival_greenhouse, layout_basic, minmay_misc_feat_diagonals,
          chequers_serial_rivers_micro_c
D:2:      cheibrodos_pilgrimage, layout_loops_ring, serial_shops, shop,
          minmay_increasing_density, uniq_terence
D:3:      layout_loops_ring, nicolae_ru_awakened_eye, marbit_many_paths,
          uniq_ijyb, uniq_natasha, uniq_jessica
D:4:      layout_basic
D:5:      layout_layer_cave, grunt_ashenzari_visionary
          [grunt_ashenzari_visionary_shoals, grunt_ashenzari_visionary_spider],
          kennysheep_mini_moat, gammafunk_temple_overflow_pools,
          minmay_temple_entry_stoned_glass, gammafunk_ghost_cemetery,
          lemuel_old_faithful
D:6:      layout_basic, lightli_temple_of_fire, gammafunk_ghost_necromancy,
          minivault_19, minmay_alternating_orb, uniq_blork_the_orc
D:7:      layout_basic, kennysheep_flooded_box, minmay_chambers_of_fives
D:8:      layout_basic, uniq_maurice, uniq_psyche, uniq_joseph
D:9:      layout_irregular_city, erik_orc_4, nicolae_eternal_life, uniq_maggie
D:10:     layout_roguey, uniq_nergalle, uniq_josephine
Temple:   minmay_freezing_vapour_temple

Skill      XL: |  1  2  3  4  5  6  7  8  9 10 |
---------------+-------------------------------+-----
Ranged Weapons | 3 4 5 6 |  6.2
Dodging        | 2 3 4 5 |  5.9
Fighting       | 2 3 4 |  4.9
Unarmed Combat | 2 3 5 7 9 |  9.6
Spellcasting   | 1 |  1.2
Evocations     | 1 2 3 |  3.8
Invocations    | 2 3 4 |  4.2
Stealth        | 1 |  1.5
Throwing       | 1 2 |  2.3

Action                   |  1- 3 |  4- 6 |  7- 9 | 10-12 || total
-------------------------+-------+-------+-------+-------++-------
Melee: Unarmed           |       |   130 |   222 |   252 ||   604
       Punch             |       |     2 |     2 |    18 ||    22
 Fire: Shortbow          |   101 |    73 |    65 |       ||   239
Throw: Dart              |       |    10 |    25 |    19 ||    54
Evoke: Wand              |       |       |     2 |     1 ||     3
  Use: Scroll            |       |     1 |       |       ||     1
       Potion            |       |       |     1 |       ||     1
 Stab: Sleeping          |       |     2 |     1 |     1 ||     4
       Distracted        |       |       |     1 |       ||     1
Armor: Robe              |    20 |    27 |    62 |    59 ||   168
Dodge: Dodged            |    36 |    83 |   146 |   163 ||   428

Table legend: (Time is in decaauts)
 A = Elapsed time spent in this place.
 B = Non-inter-level travel time spent in this place.
 C = Inter-level travel time spent in this place.
 D = Time resting spent in this place.
 E = Time spent auto-exploring this place.
 F = Levels seen in this place.
 G = Mean time per level.
                   A        B        C        D        E       F      G
               +--------+--------+--------+--------+--------+-----+--------+
         Total |  10969 |  10328 |    641 |    245 |   8163 |  11 |  997.2 |
       Dungeon |  10945 |  10309 |    636 |    245 |   8153 |  10 | 1094.5 |
        Temple |     23 |     18 |      5 |      0 |     10 |   1 |   23.0 |
               +--------+--------+--------+--------+--------+-----+--------+

Top non-repeatable levels by time:
     D:6: 1604 daAuts
     D:9: 1583 daAuts
     D:5: 1392 daAuts
     D:8: 1366 daAuts
     D:7: 1171 daAuts
     D:4: 1008 daAuts
     D:2: 890 daAuts
     D:3: 804 daAuts
     D:1: 743 daAuts
    D:10: 381 daAuts
  Temple: 23 daAuts
